 Dungeon Crawl Stone Soup version 0.27-a0-1312-g5cdb2b3542 (webtiles) character file.

Game seed: 2607638196258771351

6 dickylongcocking the Insei (level 1, 0/13 HPs)
             Began as an Octopode Transmuter on June 21, 2021.
             Frozen to death by an endoplasm (4 damage)
             ... on level 1 of the Dungeon.
             The game lasted 00:00:09 (208 turns).

dickylongcocking the Insei (Octopode Transmuter)     Turns: 208, Time: 00:00:10

Health: 0/13       AC:  1    Str:  9    XL:     1   Next: 90%
Magic:  3/3        EV: 13    Int: 15    God:
Gold:   23         SH:  0    Dex: 12    Spells: 3/4 levels left

rFire    . . .     SeeInvis .     - Unarmed
rCold    . . .     Faith    .   (no shield)
rNeg     . . .     Spirit   .   (helmet restricted)
rPois    .         Reflect  .   (no amulet)
rElec    .         Harm     .   (no ring)
rCorr    .         Rampage  .   (no ring)
Will     .....                  (no ring)
Stlth    +++.......             (no ring)
HPRegen  0.04/turn              (no ring)
MPRegen  0.08/turn              (no ring)
                                (no ring)
                                (no ring)

@: no status effects
A: almost no armour, amphibious, 8 rings, camouflage 1, gelatinous body 1,
(nimble swimmer 1), tentacles
a: no special abilities


You were on level 1 of the Dungeon.
You visited 1 branch of the dungeon, and saw 1 of its levels.

You collected 23 gold pieces.

Inventory:

Scrolls
 a - a scroll of enchant weapon {unknown}
 c - a scroll of enchant armour {unknown}
Potions
 b - a potion of berserk rage {unknown}


   Skills:
 - Level 1.0 Fighting
 - Level 2.0 Dodging
 + Level 1.1 Stealth
 * Level 3.3 Unarmed Combat
 - Level 2.0 Spellcasting
 - Level 2.0 Transmutations


You had 3 spell levels left.
You knew the following spells:

 Your Spells              Type           Power      Damage    Failure   Level
a - Beastly Appendage     Tmut           14%        N/A       10%         1

Your spell library contained the following spells:

 Spells                   Type           Power      Damage    Failure   Level
 Wereblood                Tmut           7%         N/A       14%         2
 Spider Form              Tmut/Pois      2%         N/A       41%         3
 Ice Form                 Ice/Tmut       4%         N/A       82%         4


Dungeon Overview and Level Annotations

Branches:
Dungeon (1/15)

Altars:


Innate Abilities, Weirdness & Mutations

You cannot wear most types of armour.
You are amphibious.
You can wear up to eight rings at the same time.
Your skin changes colour to match your surroundings (Stealth+).
Your rubbery body absorbs attacks. (AC +1, EV +1)
((You are camouflaged near water. (Stealth+)))
You have tentacles for arms and can constrict up to eight enemies at once.


Message History

You tentacle-slap the dart slug.
You kill the dart slug!
The goblin barely misses you.
An endoplasm comes into view.
The goblin hits you but does no damage.
Found 4 gold pieces.
The endoplasm quivers.
You tentacle-slap the goblin.
You kill the goblin!
Your Stealth skill increases to level 1!
You closely miss the rat. Your grab misses the rat. The rat barely misses you.
You tentacle-slap the rat but do no damage.
Your grab misses the rat. The rat closely misses you.
You closely miss the rat. You grab the rat. You squeeze the rat.
You kill the rat!
You see here a rat corpse.
No target in view!
An endoplasm is nearby!
An endoplasm is nearby!
The endoplasm quivers.
An endoplasm is nearby!
You tentacle-slap the endoplasm but do no damage.
The endoplasm freezes you.
You are frozen.
You are too injured to fight recklessly!
An endoplasm is nearby!
You are too injured to fight recklessly!
The endoplasm freezes you.
You are frozen.
You are too injured to fight recklessly!
You tentacle-slap the endoplasm but do no damage.
You squeeze the endoplasm.
The endoplasm is heavily wounded.
The endoplasm misses you.
You tentacle-slap the endoplasm.
You squeeze the endoplasm, but do no damage.
The endoplasm is almost dead.
The endoplasm freezes you.
You are frozen.
You die...

.)..$. #.# ##...## #.....
#.# ##.###.## #.....#
#.#####.## ##.##
#......####.......# #...
#....#...†..#####.##
##.##
#......†)...###....###.##
##....................##
##.###.....###.##...## #
#.J@..##.....#...#
###.####..##...#.#
....... ##.##.# ##.#####
... # #.# ..... #.# #...#
#.# ... #.#


You could see an endoplasm.

Vanquished Creatures
  A dart slug (D:1)
  A bat (D:1)
  A goblin (D:1)
  2 rats (D:1)
5 creatures vanquished.

Notes
Turn   | Place    | Note
-------+----------+-------------------------------------------
     0 | D:1      | dickylongcocking the Octopode Transmuter began the quest
                  | for the Orb.
     0 | D:1      | Reached XP level 1. HP: 13/13 MP: 3/3
   171 | D:1      | Reached skill level 1 in Stealth
   208 | D:1      | Frozen to death by an endoplasm

Illustrated notes

Levels and vault maps discovered:
D:1:      ncdulo_watergridlock, layout_loops_ring, basic_ecumenical_altar

Skill      XL: |  1 |
---------------+----+-----
Stealth        | 1 |  1.1
Fighting       | |  1.0
Dodging        | |  2.0
Unarmed Combat | |  3.3
Spellcasting   | |  2.0
Transmutations | |  2.0

Action                   || total
-------------------------++-------
Melee: Unarmed           ||    15
       Tentacles         ||     6
       Constrict         ||     4
Armor: Skin              ||     2
Dodge: Dodged            ||    13

Table legend: (Time is in decaauts)
 A = Elapsed time spent in this place.
 B = Non-inter-level travel time spent in this place.
 C = Inter-level travel time spent in this place.
 D = Time resting spent in this place.
 E = Time spent auto-exploring this place.
 F = Levels seen in this place.
 G = Mean time per level.
                   A        B        C        D        E       F      G
               +--------+--------+--------+--------+--------+-----+--------+
         Total |    207 |    207 |      0 |      0 |    171 |   1 |  207.0 |
       Dungeon |    207 |    207 |      0 |      0 |    171 |   1 |  207.0 |
               +--------+--------+--------+--------+--------+-----+--------+

Top non-repeatable levels by time:
     D:1: 207 daAuts
